 Dungeon Crawl Stone Soup version 0.14.1-26-g5a19342 (webtiles) character file.

547 Kae the Martial Artist (level 6, -13/51 HPs)
             Began as a Naga Transmuter on July 31, 2014.
             Killed from afar by a phantom (29 damage)
             ... with an exploding inner flame
             ... on Level 4 of the Dungeon.
             The game lasted 00:07:23 (4137 turns).

Kae the Martial Artist (Naga Transmuter)            Turns: 4137, Time: 00:07:23

HP -13/51        AC  3     Str 12      XL: 6   Next: 83%
MP  10/10        EV 10     Int 13      God:
Gold 151         SH  0     Dex 14      Spells:  2 memorised,  6 levels left

rFire  . . .     SeeInvis +       - Unarmed
rCold  + . .     Clarity  +     c - +0 robe
rNeg   . . .     Conserve .     (no shield)
rPois  +         rCorr    .     (helmet restricted)
rElec  .         rRot     .     (no cloak)
SustAb . .       Spirit   .     (no gloves)
rMut   .         Warding  .     (no barding)
Saprov . . .     Stasis   .     v - amulet of clarity
MR     .....                    (no ring)
                                l - ring of protection from cold

@: appendage (expiring), very slow, not resistant to hostile enchantments,
unstealthy
A: spit poison, horns 2, see invisible, deformed body, poison resistance,
slowness 2, AC +2
a: Spit Poison, End Transformation


You were on level 4 of the Dungeon.
You were not hungry.
You had grown temporary horns.
You visited 1 branch of the dungeon, and saw 4 of its levels.

You collected 151 gold pieces.

Inventory:

Hand weapons
 g - a +2,+2 anti-magic dagger
Missiles
 b - 12 arrows
Armour
 c - a +0 robe (worn)
Magical devices
 f - a wand of heal wounds (4)
 h - a wand of confusion (0)
 w - a wand of fire (0)
Comestibles
 a - 3 bread rations
 i - a slice of pizza
 j - a rotting chunk of hound flesh
 k - a lemon
 m - a pear
 o - a choko
 s - 3 meat rations
Scrolls
 q - a scroll of fear
 r - 3 scrolls of remove curse
 t - a scroll of teleportation
Jewellery
 l - a ring of protection from cold (left hand)
 v - an amulet of clarity (around neck)
Potions
 e - 4 potions of curing
 n - a potion of magic
 p - a potion of cure mutation
Books
 d - a book of Changes

   Spells                             Type                      Level
   *Beastly Appendage                 Transmutation                1
   *Sticks to Snakes                  Transmutation                2
   Spider Form                        Transmutation/Poison         3
   Ice Form                           Ice/Transmutation            4
   Blade Hands                        Transmutation                5


   Skills:
 - Level 1.0 Fighting
 - Level 1.5 Dodging
 + Level 11.3 Unarmed Combat
 - Level 2.0 Spellcasting
 * Level 4.1 Transmutations


You had 6 spell levels left.
You knew the following spells:

 Your Spells              Type           Power        Failure   Level  Hunger
a - Beastly Appendage     Trmt           ##....       6%          1    ##.....
b - Sticks to Snakes      Trmt           ##........   10%         2    ###....


Dungeon Overview and Level Annotations

Branches:
Dungeon (4/15)
 Temple: D:4-7

Altars:
The Shining One


Innate Abilities, Weirdness & Mutations

You cannot wear boots.
You can spit poison.
Your serpentine skin is tough (AC +2).
You have supernaturally acute eyesight.
Armour fits poorly on your strangely shaped body.
Your system is resistant to poisons.
You cover ground very slowly.
You have a pair of horns on your head.


Message History

Okay, then.
Unknown command.
Drink which item? (? for menu, Esc to quit)
It has a very clean taste.
It was a potion of cure mutation.
Drink which item? (? for menu, Esc to quit)
You suddenly lose the ability to move!
It was a potion of paralysis.
Your transformation is almost over.
You can move again.
Unknown command.
Unknown command.
You punch the phantom!
The phantom is severely damaged.
You punch the phantom! Your headbutt misses the phantom.
The phantom is almost destroyed.
The phantom hits you.
You punch the phantom!
The phantom explodes!
The fiery explosion engulfs you!
Ouch! That really hurt!
You die...

#.#.###.##.#.# #%#.# #.##.#
###.#.# #.##)# #...%.# #.##.#
#####.###.# #.##.# ......#
#.....##.# ....#.# #.######.#
.##.#.....######.############
.##.###.#.....§§@..[........#
........#.....§§.#####.####.#
###.############.# # ###.#
#.# ....# #.# ##### #.# #.#
#.# #.#


There were no monsters in sight!

Vanquished Creatures
  Sigmund (D:2)
  2 hounds (D:4)
  Ijyb (D:3)
  Terence (D:3)
  7 adders
  4 gnolls
  A worm (D:4)
  2 giant geckos (D:3)
  An ooze (D:2)
  6 orcs
  10 bats
  7 giant cockroaches
  11 hobgoblins
  12 kobolds
  A ball python (D:2)
  3 giant newts
  3 goblins
  10 rats
  A plant (D:2)
84 creatures vanquished.

Notes
Turn   | Place    | Note
--------------------------------------------------------------
     0 | D:1      | Kae, the Naga Transmuter, began the quest for the Orb.
     0 | D:1      | Reached XP level 1. HP: 18/18 MP: 3/3
   237 | D:1      | Reached XP level 2. HP: 23/25 MP: 0/4
   908 | D:2      | Reached XP level 3. HP: 9/31 MP: 2/6
  1557 | D:2      | Reached skill level 4 in Unarmed Combat
  1593 | D:2      | Reached skill level 11 in Unarmed Combat
  1593 | D:2      | Reached XP level 4. HP: 23/38 MP: 2/7
  2103 | D:2      | Noticed Sigmund
  2158 | D:2      | Reached XP level 5. HP: 17/44 MP: 7/9
  2442 | D:2      | Killed Sigmund
  2592 | D:2      | Found a glowing golden altar of the Shining One.
  2596 | D:2      | Reached XP level 6. HP: 42/51 MP: 10/10
  2937 | D:3      | Noticed Terence
  2954 | D:3      | Killed Terence
  3047 | D:3      | Learned a level 2 spell: Sticks to Snakes
  3057 | D:3      | Noticed Ijyb
  3069 | D:3      | Killed Ijyb
  4131 | D:4      | Paralysed by a potion of paralysis for 3 turns
  4137 | D:4      | Killed from afar by a phantom

Action                   |  1- 3 |  4- 6 || total
-------------------------+-------+-------++-------
Melee: Dagger            |    73 |       ||    73
       Unarmed           |       |   202 ||   202
 Cast: Beastly Appendage |     4 |    19 ||    23
 Abil: Spit Poison       |     1 |       ||     1
Evoke: Wand              |       |     3 ||     3
  Use: Potion            |     2 |    10 ||    12
       Scroll            |     4 |     9 ||    13
